Map: Abyssal Reef LE

Players

Serral

  • Race: Zerg Zerg
  • Spawn Location: 11:00

Optimus - Winner!

  • Race: Terran Terran
  • Spawn Location: 5:00

Event: WCS Austin 2017

VOD

Have the link to the VOD?

Description

Time

  • Played on: April 28, 2017, 8:08 p.m.
  • Length: 10:15

All games in this series

Show
View Real Time Build Order
Export as new Build Order

Serral Zerg 

Build Orders: Pool First, Muta Ling Bane 

Get SALT Encoding   

  12  0:01  Drone  
  13  0:12  Overlord  
  13  0:17  Drone  
  14  0:31  Drone x2  
  14  0:34  Drone  
  17  0:45  Extractor  
  17  0:48  Drone  
  17  0:50  Spawning Pool  
  17  0:56  Drone  
  17  1:06  Drone  
  18  1:19  Hatchery  
  18  1:22  Drone  
  18  1:28  Drone  
  19  1:37  Queen  
  21  1:41  Zergling x2  
  22  1:47  Metabolic Boost  
  22  1:54  Overlord  
  22  2:12  Drone  
  22  2:13  Drone, Queen  
  26  2:23  Drone  
  27  2:31  Queen  
  27  2:32  Drone x2  
  31  2:44  Drone  
  31  2:45  Drone  
  31  2:48  Drone x2  
  31  2:51  Drone  
  36  2:55  Overlord  
  35  3:05  Hatchery  
  34  3:08  Drone  
  35  3:14  Overlord  
  35  3:15  Drone x2  
  37  3:22  Zergling x4  
  37  3:23  Zergling x4  
  37  3:24  Drone  
  42  3:32  Queen  
  42  3:34  Overlord  
  44  3:35  Drone  
  44  3:37  Drone  
  44  3:39  Drone  
  47  3:42  Zergling x2  
  47  3:46  Baneling Nest  
  47  3:48  Zergling x2  
  48  3:54  Zergling x2  
  48  3:55  Zergling x2  
  52  4:02  Drone x2  
  52  4:03  Overlord  
  52  4:05  Zergling x6  
  52  4:09  Queen  
  55  4:12  Overlord  
  55  4:13  Drone  
  58  4:17  Drone  
  58  4:19  Drone  
  58  4:21  Lair  
  60  4:24  Extractor  
  60  4:30  Drone x2  
  60  4:31  Drone  
  62  4:33  Drone x3  
  62  4:35  Baneling x2  
  62  4:36  Baneling x2  
  65  4:39  Drone  
  65  4:41  Overlord  
  65  4:42  Overlord  
  66  4:47  Baneling  
  66  4:49  Baneling  
  66  4:56  Queen  
  66  4:57  Extractor  
  62  5:01  Zergling x8  
  63  5:07  Drone x2  
  63  5:08  Drone  
  63  5:09  Drone  
  63  5:13  Drone  
  67  5:16  Zergling x4  
  67  5:17  Baneling x2  
  68  5:24  Zergling x2  
  68  5:25  Zergling x12  
  66  5:31  Spore Crawler  
  66  5:33  Queen x2  
  66  5:35  Zergling x6  
  66  5:42  Zergling x4  
  65  5:55  Zergling x8  
  60  5:59  Hatchery  
  60  6:03  Spire  
  58  6:04  Extractor  
  58  6:05  Drone x2  
  58  6:10  Overseer  
  59  6:12  Queen  
  59  6:13  Queen  
  59  6:18  Drone x2  
  65  6:23  Drone x2  
  64  6:28  Drone x2  
  66  6:36  Overlord  
  66  6:38  Drone, Spore Crawler  
  66  6:42  Drone  
  66  6:43  Drone  
  68  6:47  Overlord  
  67  6:54  Baneling x4  
  67  6:55  Drone x4  
  67  6:59  Drone  
  67  7:00  Drone  
  73  7:15  Evolution Chamber  
  72  7:18  Mutalisk x4  
  72  7:20  Mutalisk x2  
  72  7:22  Mutalisk  
  84  7:26  Centrifical Hooks  
  86  7:35  Drone x2  
  86  7:36  Drone, Overlord  
  86  7:37  Overlord  
  89  7:41  Baneling x4  
  89  7:42  Baneling  
  89  7:51  Zerg Ground Armor Level 1  
  89  7:52  Overlord  
  89  7:53  Baneling x2  
  89  7:55  Zergling x12  
  89  7:56  Zergling x2  
  96  8:01  Zergling x8  
  100  8:05  Drone  
  100  8:06  Drone, Extractor  
  100  8:07  Drone, Extractor  
  100  8:10  Overlord  
  101  8:14  Overlord  
  101  8:16  Drone  
  102  8:20  Drone x2  
  102  8:21  Drone x2, Overseer  
  102  8:23  Drone  
  107  8:29  Baneling x4  
  107  8:30  Drone x3, Baneling  
  110  8:36  Zergling x2  
  110  8:37  Evolution Chamber  
  110  8:41  Zergling x6  
  110  8:42  Zergling x4  
  110  8:43  Zergling x2  
  114  8:52  Zergling x6  
  114  8:53  Zergling x2  
  118  8:58  Queen  
  118  9:00  Hatchery  
  117  9:03  Baneling x4  
  117  9:07  Zergling x6  
  118  9:19  Drone  
  114  9:24  Baneling x9  
  114  9:25  Zergling x2, Baneling x3  
  114  9:26  Zergling x2  
  114  9:28  Overlord x3  
  113  9:32  Overlord x4  
  105  9:40  Baneling x4  
  98  9:46  Zergling x2  
  98  9:47  Zergling x20  
  103  9:56  Zergling x2  
  103  9:58  Baneling x2  
Show
View Real Time Build Order
Export as new Build Order

Optimus Terran - Winner!

Build Orders: Reaper Expand, Hellion Banshee, MMM Bio 

Get SALT Encoding   

  12  0:00  SCV  
  13  0:12  SCV  
  14  0:17  Supply Depot  
  14  0:27  SCV  
  15  0:30  Refinery  
  15  0:39  SCV  
  16  0:45  Barracks  
  16  0:51  SCV  
  17  1:03  SCV  
  18  1:15  SCV  
  19  1:31  Orbital Command  
  19  1:32  Reaper  
  20  1:43  Command Center  
  20  1:54  Factory  
  20  1:57  SCV  
  21  2:07  Barracks Reactor  
  21  2:08  Supply Depot  
  21  2:12  SCV  
  22  2:18  Refinery  
  22  2:24  SCV  
  23  2:36  SCV  
  24  2:48  SCV  
  24  2:54  Hellion x2  
  24  2:55  Barracks Tech Lab  
  24  2:56  Starport  
  28  3:00  SCV  
  29  3:10  Orbital Command  
  29  3:15  Hellion x2  
  29  3:17  SCV  
  34  3:29  SCV  
  34  3:32  Viking  
  37  3:36  SCV  
  37  3:38  Hellion  
  37  3:39  Hellion  
  42  3:41  SCV  
  42  3:47  Supply Depot  
  42  3:48  SCV  
  44  3:50  Barracks Tech Lab  
  44  3:54  SCV  
  46  4:09  Hellion x2  
  50  4:11  Supply Depot, Banshee  
  50  4:12  Cloaking Field  
  50  4:14  SCV  
  50  4:16  SCV  
  54  4:25  Armory  
  54  4:33  Hellion x2, SCV  
  54  4:35  Supply Depot  
  54  4:37  SCV  
  60  4:45  SCV  
  61  4:51  SCV  
  62  4:58  SCV  
  63  5:00  Banshee  
  63  5:02  Command Center  
  63  5:05  SCV  
  67  5:10  Marine, SCV  
  69  5:14  Stimpack  
  69  5:17  SCV  
  70  5:23  SCV  
  70  5:27  Factory Reactor  
  69  5:29  SCV  
  69  5:30  Barracks  
  69  5:33  Barracks  
  70  5:43  Engineering Bay x2  
  70  5:47  Supply Depot  
  70  5:48  Marine, SCV x2  
  66  6:00  SCV x2  
  66  6:03  Barracks  
  68  6:04  Barracks  
  68  6:06  Refinery x2  
  68  6:10  Terran Infantry Armor Level 1, Terran Infantry Weapons Level 1  
  68  6:11  Starport Reactor  
  68  6:14  SCV  
  68  6:16  Marine  
  70  6:18  Orbital Command  
  70  6:26  SCV  
  71  6:34  Marine  
  71  6:35  Marine x2  
  71  6:36  SCV, Orbital Command  
  71  6:37  Factory Reactor  
  71  6:39  Marine  
  77  6:41  Marine  
  74  6:47  Supply Depot  
  74  6:49  Supply Depot  
  74  6:51  Medivac  
  74  6:52  Marine x3  
  74  6:53  Barracks Reactor x2  
  79  6:57  Marine  
  79  7:00  Medivac  
  80  7:02  Marine  
  80  7:04  SCV x2  
  80  7:06  SCV  
  84  7:10  Marine x3  
  87  7:19  SCV  
  87  7:22  Combat Shields, Barracks  
  88  7:23  Barracks  
  88  7:25  Barracks  
  88  7:28  Medivac  
  90  7:30  Medivac, SCV x2  
  90  7:31  SCV  
  90  7:35  Supply Depot x2  
  95  7:42  Marine x7, SCV x2  
  95  7:44  SCV  
  105  7:53  Supply Depot, Widow Mine x2  
  105  7:54  Supply Depot  
  109  8:05  Marine x6  
  109  8:06  Marine  
  109  8:10  Barracks Tech Lab x2  
  116  8:13  Barracks Tech Lab  
  116  8:17  Missile Turret  
  116  8:18  Missile Turret x2  
  116  8:21  Missile Turret  
  116  8:22  Missile Turret  
  116  8:27  SCV  
  116  8:28  Supply Depot  
  116  8:30  Refinery, Concussive Shells  
  117  8:37  Marauder x3, Marine  
  117  8:40  Supply Depot  
  124  8:46  Marine  
  124  8:47  Marine x3  
  125  8:51  Missile Turret, SCV  
  125  8:54  Widow Mine  
  128  9:02  Marine  
  130  9:03  Supply Depot  
  130  9:04  Marauder x2, Marine  
  130  9:05  Marine x2  
  130  9:09  Marauder, Marine  
  137  9:12  Medivac  
  137  9:14  SCV x2  
  141  9:20  Widow Mine, Marauder  
  142  9:25  Marauder  
  144  9:31  Marine  
  144  9:32  Marauder x2, Marine x5  
  149  9:39  Marine x2  
  149  9:40  Supply Depot  
  149  9:42  Supply Depot  
  136  9:46  SCV x2  
  130  9:54  Marauder x2, Marine x2  
  130  9:56  Marine  
Tags
 
Add a new tag
Caveats
  • Supply blocks, unpowered buildings, or Contaminate may cause inaccurate times.
  • Supply counts are checked every 10 seconds.